 Dungeon Crawl Stone Soup version 0.30.0-15-g856e2d3f33 (webtiles) character file.

Game seed: 3704831309004918867

322 ragingrage the Sneak (level 6, -4/37 HPs)
             Began as a Gargoyle Delver on May 18, 2023.
             Slain by an ogre
             ... wielding a +0 giant club
              (20 damage)
             ... on level 4 of the Dungeon.
             The game lasted 00:04:14 (3094 turns).

ragingrage the Sneak (Gargoyle Delver)              Turns: 3094, Time: 00:04:14

Health: -4/37      AC: 19    Str: 17    XL:     6   Next: 47%
Magic:  3/6        EV: 10    Int: 13    God:
Gold:   159        SH:  0    Dex: 11    Spells: 4/5 levels left

rFire   . . .        b - +3 short sword (protect)
rCold   . . .        (no shield)
rNeg    + . .        r - +1 ring mail of the Swan {Int+2}
rPois   ∞            p - +0 helmet
rElec   +            (no cloak)
rCorr   .            (no gloves)
SInv    .            h - +0 pair of boots
Will    .....        (no amulet)
Stlth   ++           (no ring)
HPRegen 0.26/turn    (no ring)
MPRegen 0.10/turn

%: no passive effects
@: under a protective aura
A: sickness immunity, AC +4, negative energy resistance 1, electricity
resistance, torment resistance 1, petrification resistance
a: no special abilities


You were on level 4 of the Dungeon.
You visited 1 branch of the dungeon, and saw 5 of its levels.

You collected 195 gold pieces.
You spent 36 gold pieces at shops.

Inventory:

Hand Weapons
 a - a +0 hand axe
 b - a +3 short sword of protection (weapon)
 u - a +0 dagger of draining
Missiles
 q - 9 poisoned darts
Armour
 h - a +0 pair of boots (worn)
 p - a +0 helmet (worn)
 r - the +1 ring mail of the Swan (worn) {Int+2}
   (You found it on level 3 of the Dungeon)

   Int:       It affects your intelligence (+2).
Jewellery
 s - a ring of positive energy
Wands
 g - a wand of digging (3)
Scrolls
 c - 2 scrolls of fog
 d - a scroll of magic mapping
 i - a scroll of silence {unknown}
 k - a scroll of teleportation {unknown}
 t - a scroll of fear
Potions
 e - 2 potions of attraction {unknown}
 f - a potion of haste
 j - 2 potions of cancellation {unknown}
 l - 2 potions of heal wounds {unknown}
 m - a potion of resistance {unknown}
 n - 2 potions of curing
 o - a potion of berserk rage


   Skills:
 - Level 3.3 Fighting
 + Level 4.6 Axes
 - Level 1.6 Dodging
 - Level 5.5 Stealth
 + Level 4.7 Earth Magic


You had 4 spell levels left.
You knew the following spells:

 Your Spells              Type           Power      Damage    Failure   Level
a - Sandblast             Erth           24%        2d8       9%          1

Your spell library contained the following spells:

 Spells                   Type           Power      Damage    Failure   Level
 Passwall                 Tmut/Erth      5%         N/A       32%         2
 Slow                     Hex            0%         N/A       50%         1
 Stone Arrow              Conj/Erth      12%        3d7       54%         3
 Confusing Touch          Hex            0%         N/A       86%         3
 Dazzling Flash           Conj/Hex       0%         N/A       86%         3
 Ignite Poison            Fire/Tmut/Pois 0%         N/A       86%         3
 Vampiric Draining        Necr           0%         2d6       86%         3
 Volatile Blastmotes      Fire/Tloc      0%         2d10      86%         3
 Iskenderun's Mystic Bla  Conj/Tloc      0%         2d3       99%         4
 Freezing Cloud           Conj/Ice/Air   0%         6-21      100%        5
 Starburst                Conj/Fire      0%         6d3       100%        6
 Cigotuvi's Dreadful Rot  Necr/Pois/Air  Unusable   N/A       N/A         2

Dungeon Overview and Level Annotations

Branches:
Dungeon (5/15)
 Temple: D:4-7

Altars:
Sif Muna
The Shining One

Shops:
D:1 !:

Annotations:
D:3 1 exclusion, Grinder, Ijyb
D:4 Blork the orc, Edmund


Innate Abilities, Weirdness & Mutations

You are immune to sickness and miasma.
Your stone body is resilient. (AC +4)
You are immune to poison.
You resist negative energy. (rN+)
You are resistant to electric shocks. (rElec)
You are resistant to unholy torment.
You are immune to petrification.


Message History

You closely miss the phantom.
The phantom hits you but does no damage.
You closely miss the phantom.
The phantom hits you but does no damage.
You hit the phantom.
The phantom hits you but does no damage.
You hit the phantom.
You destroy the phantom!
No target in view!
No target in view!
No target in view!
No target in view!
No target in view!
No target in view!
No target in view!
No target in view!
No target in view!
No target in view!
No target in view!
No target in view!
No target in view!
An ogre is nearby!
There is a stone staircase leading up here.
The ogre shouts!
You climb upwards.
Level annotation: 1 exclusion, Grinder, Ijyb
There is a stone staircase leading down here.
Ijyb is nearby!
You climb downwards.
Level annotation: Blork the orc, Edmund
There is a stone staircase leading up here.
The blast of sand hits the ogre.
The ogre hits you with a +0 giant club!!
Ouch! That really hurt!
You hit the ogre.
Your weapon exudes an aura of protection.
The ogre attacks as you move away!
The ogre hits you with a +0 giant club!!
Ouch! That really hurt!
You die...

#..................#### ##.
.....##..#####......# ####.. ####
.....###......# ##.....
##....######### #...#.# #####
####..## ##..##.# ....# ##......#
#...##.# ....#####.......#
#.#.##.# ....#P....P.....######
##.#.##.#
.......~~......O@....####..#.##.#
...<#..~~~..###.................#
....#..~~~.# ##.###.........#..#
....#..~.~. #.#######........#
.####...~.. #....# #....###... .#
###.## ####..##..###...#. .. #.
#..#..# #.#### ... # #(...# #<# #
.... ...####...####.#


You could see an ogre.

Vanquished Creatures
  A phantom (D:4)
  A water moccasin zombie (D:4)
  A bullfrog zombie (D:4)
  A scorpion zombie (D:4)
  A hound zombie (D:4)
  Robin (D:2)
  2 adders (D:2)
  2 adder skeletons (D:4)
  An adder zombie (D:4)
  2 worms
  An orc (D:4)
  9 ball pythons
  8 endoplasms
  A giant cockroach (D:2)
  13 goblins
  8 hobgoblins
  3 kobolds
  4 quokkas
  5 bats
  2 frilled lizards
  5 rats
72 creatures vanquished.

Notes
Turn   | Place    | Note
-------+----------+-------------------------------------------
     0 | D:5      | ragingrage the Gargoyle Delver began the quest for the Orb.
     0 | D:5      | Reached XP level 1. HP: 14/14 MP: 1/1
    93 | D:3      | Noticed Ijyb
   103 | D:4      | Noticed an ogre
   116 | D:4      | Reached XP level 2. HP: 15/19 MP: 2/2
   315 | D:2      | Learned a level 1 spell: Sandblast
   408 | D:2      | Reached XP level 3. HP: 22/23 MP: 3/3
   418 | D:2      | Reached skill level 1 in Earth Magic
   420 | D:2      | Noticed Robin
   491 | D:1      | Found Zycauf's Book Emporium.
   848 | D:1      | Found Sudetoq's Distillery.
   853 | D:1      | Bought a potion of curing for 36 gold pieces
  1269 | D:2      | Reached XP level 4. HP: 28/28 MP: 0/4
  1388 | D:2      | Killed Robin
  1592 | D:2      | Found a shimmering blue altar of Sif Muna.
  2197 | D:3      | Identified the +1 ring mail of the Swan {Int+2}
  2285 | D:3      | Found a glowing golden altar of the Shining One.
  2304 | D:3      | Noticed Grinder
  2336 | D:4      | Noticed a phantom
  2710 | D:4      | Reached XP level 5. HP: 32/32 MP: 0/5
  2758 | D:4      | Reached XP level 6. HP: 23/37 MP: 6/6
  2813 | D:4      | Noticed Edmund
  2910 | D:4      | Noticed Blork the orc
  3094 | D:4      | Slain by an ogre

Illustrated notes

Levels and vault maps discovered:
D:1:      minmay_arrival_stone_box, layout_loops_ring, serial_shops, shop, shop
D:2:      layout_basic, basic_altar, uniq_robin
D:3:      layout_basic, nicolae_overflow_quartered_altars, uniq_grinder,
          uniq_ijyb
D:4:      layout_rooms, serial_undead, serial_undead_a, serial_undead_f,
          serial_undead_f, serial_undead_a, kennysheep_potato,
          uniq_blork_the_orc, uniq_edmund
D:5:      minmay_bubble_buster, layout_loops_ring, overflow_temple_1_default,
          mainiacjoe_overflow_six_doors_small, nicolae_overflow_crystal_walls,
          eino_small_chamber_without_monster

Skill      XL: |  1  2  3  4  5 |
---------------+----------------+-----
Axes           | 2 3 4 |  4.6
Earth Magic    | 2 3 4 |  4.7
Fighting       | |  3.3
Dodging        | |  1.6
Stealth        | |  5.5

Action                     |  1- 3 |  4- 6 || total
---------------------------+-------+-------++-------
  Melee: Hand axe          |    32 |       ||    32
         Punch             |     1 |       ||     1
         Short sword       |    74 |   103 ||   177
   Cast: Sandblast         |     6 |    36 ||    42
    Use: Scroll            |     1 |       ||     1
         Potion            |       |     2 ||     2
   Stab: Sleeping          |     6 |     1 ||     7
 Armour: Leather armour    |    32 |       ||    32
         Ring mail         |     9 |    68 ||    77
  Dodge: Dodged            |    63 |    61 ||   124
